 Dungeon Crawl Stone Soup version 0.31-a0-233-g139696dc86 (webtiles) character file.

Game seed: 17598249923644320812

106 qw the Shooter (level 4, -2/36 HPs)
             Began as a Minotaur Hexslinger on July 8, 2023.
             Shot with a sling bullet by a kobold (4 damage)
             ... on level 3 of the Dungeon.
             The game lasted 00:00:51 (1911 turns).

qw the Shooter (Minotaur Hexslinger)                Turns: 1911, Time: 00:00:51

Health: -2/36      AC:  5    Str: 12    XL:     4   Next: 55%
Magic:  4/4        EV: 11    Int: 10    God:
Gold:   204        SH:  0    Dex: 15    Spells: 4/5 levels left

rFire   . . .        Y - +1 sling
rCold   . . .        (no shield)
rNeg    . . .        d - +0 ring mail
rPois   .            (helmet restricted)
rElec   .            (no cloak)
rCorr   .            (no gloves)
SInv    .            (no boots)
Will    .....        (no amulet)
Stlth   +            (no ring)
HPRegen 0.26/turn    (no ring)
MPRegen 0.09/turn

%: no passive effects
@: no status effects
A: horns 2, retaliatory headbutt
a: no special abilities


You were on level 3 of the Dungeon.
You visited 1 branch of the dungeon, and saw 3 of its levels.

You collected 204 gold pieces.


Innate Abilities, Weirdness & Mutations

You have a pair of horns on your head.
You reflexively headbutt those who attack you in melee.


   Skills:
 - Level 2.0 Fighting
 + Level 4.9 Ranged Weapons
 - Level 1.0 Armour
 - Level 2.1 Dodging
 - Level 1.0 Spellcasting
 - Level 2.0 Hexes


You had 4 spell levels left.
You knew the following spells:

 Your Spells              Type           Power      Damage    Failure   Level
a - Slow                  Hex            16%        N/A       34%         1

Your spell library contained the following spells:

 Spells                   Type           Power      Damage    Failure   Level
 Inner Flame              Hex/Fire       2%         N/A       83%         3
 Portal Projectile        Hex/Tloc       4%         N/A       83%         3
 Cause Fear               Hex            2%         N/A       98%         4

Inventory:

Hand Weapons
 Y - a +1 sling (weapon)
Armour
 d - a +0 ring mail (worn)
Jewellery
 h - an amulet of the acrobat
Scrolls
 a - 2 scrolls of identify
 b - a scroll of enchant weapon {unknown}
 f - a scroll of silence {unknown}
 i - a scroll of amnesia {unknown}
Potions
 c - 2 potions of ambrosia {unknown}
 e - 2 potions of cancellation {unknown}
 g - a potion of brilliance {unknown}
 j - a potion of lignification {unknown}
 k - a potion of attraction {unknown}

Dungeon Overview and Level Annotations

Branches:
Dungeon (3/15)

Altars:
Kikubaaqudgha
Nemelex Xobeh

Shops:
D:2 =

Annotations:
D:3 1 runed translucent door


Message History

You shoot a sling bullet. The sling bullet hits the orc.
The orc is heavily wounded.
The orc barely misses you.
The kobold shoots a sling bullet.
The sling bullet barely misses you. Something hits you but does no damage.
The orc closely misses you.
You hear some strange, mumbled words.
A puff of flame appears from out of thin air!
The puff of flame hits you.
You shoot a sling bullet.
The sling bullet hits the orc but does no damage.
The orc is heavily wounded.
The orc closely misses you. Something hits you.
You shoot a sling bullet. The sling bullet barely misses the orc.
The orc hits you with a +0 club. Something hits you but does no damage.
You shoot a sling bullet. The sling bullet barely misses the orc.
The orc hits you with a +0 club. Something hits you.
The orc closely misses you. Something hits you.
You shoot a sling bullet. The sling bullet hits the orc.
You kill the orc!
Something hits you but does no damage.
You shoot a sling bullet. The sling bullet hits the orc.
You kill the orc!
Something hits you.
The kobold shoots a sling bullet.
The sling bullet hits you.
You shoot a sling bullet.
The sling bullet hits the endoplasm but does no damage.
Something hits you.
You shoot a sling bullet. The sling bullet hits the endoplasm.
The endoplasm is almost dead.
Something completely misses you. Something hits you but does no damage.
You shoot a sling bullet. The sling bullet hits the endoplasm.
You kill the endoplasm!
The kobold shoots a sling bullet.
The sling bullet hits you.
You hear some strange, mumbled words.
A magic dart appears from out of thin air!
The magic dart hits you.
You shoot a sling bullet.
The sling bullet hits the kobold but does no damage.
Something barely misses you.
The kobold shoots a sling bullet.
The sling bullet hits you.
You die...

.....~.#####.~.#
.......~)#
~~~~~~~~.#
.........#
.##..##.##
+.......#
..#######.#
....#####.#
..8.K){@#.#
.....##)#.# ..8
#.#.# . #.#.#
#.#.# #...#
#####


You could see a kobold.

Vanquished Creatures
  2 adders
  6 orcs
  8 ball pythons
  2 bats
  4 endoplasms
  3 giant cockroaches
  7 hobgoblins
  14 jackals
  5 kobolds
  3 quokkas
  2 frilled lizards
  7 goblins
  8 rats
71 creatures vanquished.

Notes
Turn   | Place    | Note
-------+----------+-------------------------------------------
     0 | D:1      | qw the Minotaur Hexslinger began the quest for the Orb.
     0 | D:1      | Reached XP level 1. HP: 16/16 MP: 1/1
     0 | D:1      | 0 ||| qw: Version: 0.3-a-46-gb1f654a
     0 | D:1      | 0 ||| qw: Game counter: 3529
     0 | D:1      | 0 ||| qw: Melee chars always use a shield: true
     0 | D:1      | 0 ||| qw: God list: Okawaru
     0 | D:1      | 0 ||| qw: Allow faded altars: false
     0 | D:1      | 0 ||| qw: Do Orc after clearing Dungeon:15 true
     0 | D:1      | 0 ||| qw: Do second Lair branch before Depths: true
     0 | D:1      | 0 ||| qw: Lair rune preference: random
     0 | D:1      | 0 ||| qw: Goals: Normal
     0 | D:1      | 0 ||| PLANNING D:1-11
   112 | D:1      | Reached skill level 3 in Ranged Weapons
   119 | D:1      | Reached XP level 2. HP: 10/23 MP: 2/2
   558 | D:1      | Reached XP level 3. HP: 29/29 MP: 3/3
   764 | D:1      | 764 ||| UPGRADING to +0 ring mail.
   774 | D:1      | 774 ||| DROPPING +0 robe.
   775 | D:1      | 775 ||| READING scroll labelled HEAHAS TIYN BISK.
   776 | D:1      | 776 ||| READING scroll labelled MINEH SUIFOGH.
   777 | D:1      | 777 ||| DROPPING scroll of poison.
   962 | D:2      | Found Ceczaoso's Jewellery Emporium.
   973 | D:2      | Reached skill level 4 in Ranged Weapons
   974 | D:2      | 974 ||| SHOPLISTING +4 ring of protection (396 gold, have
                  | 97).
   974 | D:2      | 974 ||| SHOPLISTING +6 ring of strength (396 gold, have
                  | 97).
   974 | D:2      | 974 ||| SHOPLISTING amulet of faith (440 gold, have 97).
   974 | D:2      | 974 ||| SHOPLISTING ring of see invisible (165 gold, have
                  | 97).
   974 | D:2      | 974 ||| SHOPLISTING ring of willpower (275 gold, have 97).
  1148 | D:2      | Reached skill level 1 in Armour
  1241 | D:2      | Reached XP level 4. HP: 20/36 MP: 4/4
  1495 | D:2      | 1495 ||| READING scroll labelled YTETWU ET SEL.
  1529 | D:3      | 1529 ||| STAIRDANCE
  1605 | D:3      | Found an ancient bone altar of Kikubaaqudgha.
  1692 | D:3      | Found a runed translucent door.
  1851 | D:3      | Found a sparkling altar of Nemelex Xobeh.
  1908 | D:3      | HP: 9/36 [something (3)]
  1910 | D:3      | HP: 1/36 [something/magic dart (4)]
  1911 | D:3      | Shot with a sling bullet by a kobold

Levels and vault maps discovered:
D:1:      elethiomel_arrival_shortcut, layout_basic
D:2:      layout_loops_ring, serial_shops, shop
D:3:      layout_basic, eat_drink_and_be_merry_uskayaw,
          mainiacjoe_overflow_paths, mainiacjoe_overflow_brackets,
          ebering_ghost_reflecting_pool

Skill      XL: |  1  2  3 |
---------------+----------+-----
Ranged Weapons | 3 4 |  4.9
Fighting       | 2 |  2.0
Armour         | 1 |  1.0
Dodging        | |  2.1
Spellcasting   | |  1.0
Hexes          | |  2.0

Action                     |  1- 3 |  4- 6 || total
---------------------------+-------+-------++-------
   Fire: Sling             |   144 |    81 ||   225
    Use: Scroll            |     2 |     1 ||     3
 Armour: Robe              |     3 |       ||     3
         Ring mail         |    18 |    27 ||    45
  Dodge: Dodged            |    50 |    44 ||    94

Table legend:
 A = Non-vault XP
 B = Vault XP
 C = Vault XP percentage of total XP
 D = Non-vault monster count
 E = Vault monster count
 F = Vault count percentage of total count
                 A         B        C        D         E       F
            +---------+---------+-------+---------+---------+-------
      Total |     152 |       0 |   0.0 |      71 |       0 |   0.0
            +---------+---------+-------+---------+---------+-------
        D:1 |      53 |       0 |   0.0 |      30 |       0 |   0.0
        D:2 |      52 |       0 |   0.0 |      22 |       0 |   0.0
        D:3 |      47 |       0 |   0.0 |      19 |       0 |   0.0
            +---------+---------+-------+---------+---------+-------
